 Dungeon Crawl Stone Soup version 0.29-a0-356-g7bc237e783 (webtiles) character file.

Game seed: 6125460018967934128

317 rabbitsville the Fighter (level 6, -21/82 HPs)
             Began as an Ogre Monk on Apr 25, 2022.
             Demolished by an ogre
             ... wielding a +0 giant club
              (33 damage)
             ... on level 4 of the Dungeon.
             The game lasted 00:11:29 (5387 turns).

rabbitsville the Fighter (Ogre Monk)                Turns: 5387, Time: 00:11:30

Health: -21/82     AC:  3    Str: 18    XL:     6   Next: 45%
Magic:  6/6        EV: 10    Int: 11    God:
Gold:   216        SH:  4    Dex: 11    Spells: 5/5 levels left

rFire   . . .      SeeInvis .   a - +0 mace
rCold   + . .      Faith    .   (no shield)
rNeg    . . .      Spirit   .   b - +0 robe
rPois   .          Reflect  .   (helmet restricted)
rElec   .          Harm     .   (no cloak)
rCorr   .          Rampage  .   (gloves unavailable)
Will    .....                   (boots unavailable)
Stlth   ++........              (no amulet)
HPRegen 0.23/turn               j - ring of flight
MPRegen 0.10/turn               (no ring)

@: flying
A: large, unfitting armour, tough skin 1, large bone plates 1, cold resistance
1, robust 1
a: no special abilities


You were on level 4 of the Dungeon.
You visited 1 branch of the dungeon, and saw 5 of its levels.

You collected 216 gold pieces.

Inventory:

Hand Weapons
 a - a +0 mace (weapon)
Armour
 b - a +0 robe (worn)
Jewellery
 j - a ring of flight (left hand)
Wands
 g - a wand of paralysis (8)
 r - a wand of digging (3)
 t - a wand of iceblast (4)
Scrolls
 c - a scroll of amnesia {unknown}
 d - a scroll of enchant weapon {unknown}
 e - a scroll of blinking {unknown}
 f - 3 scrolls of torment
 i - 4 scrolls of identify
 l - a scroll of brand weapon {unknown}
 o - a scroll of noise {unknown}
 p - a scroll of fear
Potions
 h - 2 potions of flight
 k - 3 potions of mutation
 m - 2 potions of resistance
 n - a potion of curing {unknown}
 q - a potion of attraction {unknown}
 s - 2 potions of degeneration {unknown}


   Skills:
 * Level 9.3 Fighting
 - Level 2.6 Maces & Flails
 - Level 2.6 Dodging
 - Level 1.4 Stealth


You had 5 spell levels left.
You didn't know any spells.
Your spell library contained the following spells:

 Spells                   Type           Power      Damage    Failure   Level
 Apportation              Tloc           0%         N/A       34%         1
 Alistair's Intoxication  Tmut/Pois      0%         N/A       100%        5
 Chain Lightning          Conj/Air       0%         N/A       100%        9
 Fire Storm               Conj/Fire      0%         5d1       100%        9
 Shatter                  Erth           0%         3d5*      100%        9


Dungeon Overview and Level Annotations

Branches:
Dungeon (5/15)
 Temple: D:4-7

Altars:
Makhleb

Annotations:
D:3 Grinder
D:4 2 transporters, zishaf's ghost, amateur VSBr
D:5 exclusions: yak and 9 more exclusions


Innate Abilities, Weirdness & Mutations

You are too large for most types of armour.
You have tough skin. (AC +1)
You are partially covered in large bone plates. (SH +4)
Your flesh is cold resistant. (rC+)
You are robust. (+10% HP)


Message History

Found a ring mail.
An ogre comes into view. It is wielding a +0 giant club.
An orc warrior, an orc and an adder come into view.
The orc warrior is wielding a +2 hand axe of flaming.
Found a stone staircase leading down.
The orc warrior shouts!
You hear a shout!
The orc moves out of view.
An orc wizard comes into view. It is wielding a +0 dagger.
The orc wizard moves out of view.
There is a stone staircase leading up here.
The orc wizard gestures wildly while chanting.
The orc wizard flickers and vanishes!
Deactivating autopickup; reactivate with Ctrl-A.
The ogre hits you with a +0 giant club.
There is a stone staircase leading up, spattered with blood here.
You fly upwards.
Level annotation: 2 transporters, zishaf's ghost, amateur VSBr Reactivating autopickup.
There is a stone staircase leading down here.
You hit the ogre but do no damage.
The ogre hits you with a +0 giant club!!
You hit the ogre.
The ogre is moderately wounded.
The ogre hits you with a +0 giant club!!
You hit the ogre.
The ogre is moderately wounded.
You block the ogre's attack.
You sock the ogre!
The ogre is heavily wounded.
The ogre hits you with a +0 giant club!!
* * * LOW HITPOINT WARNING * * *
You hit the ogre.
The ogre is severely wounded.
You barely miss the ogre.
The ogre is severely wounded.
The ogre barely misses you.
You hit the ogre.
The ogre is almost dead.
The ogre hits you with a +0 giant club!!
You die...

#.##.<.......<.# #.#...#.
#.##...........##### #.##.##.
#.######...######..####.......
#......#.÷.#.............#.###
#....8...⌠...8......####.#.#
#......#...#...............###
########...######...####......
#.....[....O####.## #..####
#.>.......@.# #..###..##..
#...........# ####<##.....
#####...##### #...#..#.# #...#
#.8.#..... #.>.# #...##.#..
#)..# ##.###.... #####
#######.###.##.
##(..##...##....
#>.8....8....##.


You could see an ogre.

Vanquished Creatures
  2 scorpions
  2 hounds
  An orc wizard (D:4)
  3 adders
  5 worms
  A dart slug (D:1)
  5 orcs (D:4)
  6 ball pythons
  5 endoplasms
  5 giant cockroaches
  7 hobgoblins
  4 jackals (D:1)
  2 quokkas
  2 bats
  A frilled lizard (D:1)
  4 goblins
  9 kobolds
  8 rats
72 creatures vanquished.

Notes
Turn   | Place    | Note
-------+----------+-------------------------------------------
     0 | D:1      | rabbitsville the Ogre Monk began the quest for the Orb.
     0 | D:1      | Reached XP level 1. HP: 24/24 MP: 1/1
   185 | D:1      | Reached XP level 2. HP: 31/33 MP: 2/2
   379 | D:1      | Reached skill level 5 in Fighting
   623 | D:1      | Reached XP level 3. HP: 41/42 MP: 3/3
  1331 | D:2      | Reached skill level 6 in Fighting
  1331 | D:2      | Reached XP level 4. HP: 43/53 MP: 4/4
  1414 | D:2      | Found a faded altar of an unknown god.
  1724 | D:2      | Noticed a scorpion
  1734 | D:2      | Killed a scorpion
  1735 | D:2      | Reached skill level 7 in Fighting
  1735 | D:2      | Reached XP level 5. HP: 20/63 MP: 5/5
  2040 | D:2      | Found a burning altar of Makhleb.
  2516 | D:3      | Noticed Grinder
  2532 | D:3      | Gained mutation: You are robust. (+10% HP) [potion of
                  | mutation]
  2532 | D:3      | Gained mutation: Your flesh is cold resistant. (rC+)
                  | [potion of mutation]
  2532 | D:3      | Gained mutation: You are partially covered in large bone
                  | plates. (SH +4) [potion of mutation]
  2927 | D:3      | Paralysed by Grinder for 7 turns
  2937 | D:3      | Paralysed by Grinder for 7 turns
  3822 | D:4      | Reached skill level 8 in Fighting
  3822 | D:4      | Reached XP level 6. HP: 11/81 MP: 6/6
  3827 | D:4      | HP: 4/81 [poisoned by a scorpion]
  4187 | D:4      | Found a transporter.
  4187 | D:4      | Noticed zishaf's ghost (amateur VSBr)
  4233 | D:4      | Found a transporter.
  4294 | D:4      | Reached skill level 9 in Fighting
  5279 | D:5      | Entered Level 5 of the Dungeon
  5320 | D:5      | Noticed a yak
  5368 | D:5      | Noticed an orc warrior
  5387 | D:4      | Demolished by an ogre

Illustrated notes

Levels and vault maps discovered:
D:1:      dpeg_arrival_houses_and_road, layout_basic, kennysheep_boxes
D:2:      layout_loops_ring, shapermc_ecumenical_altar_petra, basic_altar
D:3:      layout_loops_ring, uniq_grinder, uniq_terence
D:4:      layout_loops_cross, gammafunk_ghost_arena,
          chequers_serial_rivers_large_a, grunt_ministairs_5, minmay_hedge_maze,
          grunt_decor_cap, nicolae_elevator_lobby_plus
D:5:      layout_rooms, minmay_small_thing

Skill      XL: |  1  2  3  4  5  6 |
---------------+-------------------+-----
Fighting       | 5 6 7 8 9 |  9.3
Maces & Flails | |  2.6
Dodging        | |  2.6
Stealth        | |  1.4

Action                   |  1- 3 |  4- 6 || total
-------------------------+-------+-------++-------
Melee: Mace              |    96 |   219 ||   315
       Punch             |     2 |     1 ||     3
  Use: Scroll            |       |     4 ||     4
       Potion            |       |     4 ||     4
 Stab: Sleeping          |     2 |     2 ||     4
Armor: Robe              |    31 |    40 ||    71
Dodge: Dodged            |    56 |   116 ||   172
Block: Other             |       |    20 ||    20

Table legend: (Time is in decaauts)
 A = Elapsed time spent in this place.
 B = Non-inter-level travel time spent in this place.
 C = Inter-level travel time spent in this place.
 D = Time resting spent in this place.
 E = Time spent auto-exploring this place.
 F = Levels seen in this place.
 G = Mean time per level.
                   A        B        C        D        E       F      G
               +--------+--------+--------+--------+--------+-----+--------+
         Total |   5472 |   5418 |     54 |   1365 |   2762 |   5 | 1094.4 |
       Dungeon |   5472 |   5418 |     54 |   1365 |   2762 |   5 | 1094.4 |
               +--------+--------+--------+--------+--------+-----+--------+

Top non-repeatable levels by time:
     D:4: 2072 daAuts
     D:2: 1934 daAuts
     D:1: 1134 daAuts
     D:3: 229 daAuts
     D:5: 100 daAuts
